 Dungeon Crawl Stone Soup version 0.26.1-11-gd32895ea62 (webtiles) character file.

Game seed: 15516254013147371245

8152 DildoBatman the Artisan of Death (level 11, -21/81 HPs)
             Began as a Formicid Conjurer on July 9, 2021.
             Was a Priest of Kikubaaqudgha.
             Killed by refrigeration
             ... invoked by Fannar
              (35 damage)
             ... on level 11 of the Dungeon.
             The game lasted 00:49:56 (10737 turns).

DildoBatman the Artisan of Death (FoCj)            Turns: 10737, Time: 00:49:57

Health: -21/81     AC: 10    Str: 12    XL:     11   Next: 50%
Magic:  0/22       EV: 13    Int: 28    God:    Kikubaaqudgha [***...]
Gold:   396        SH:  0    Dex: 14    Spells: 1/24 levels left

rFire    . . .     SeeInvis +   a - +5 short sword "Pypp" {drain, rPois rF- Int+10}
rCold    . . .     Faith    .   (no shield)
rNeg     + . .     Spirit   +   M - +0 acid dragon scales
rPois    +         Reflect  .   (helmet unavailable)
rElec    .         Harm     .   D - scarf {repulsion}
rCorr    +         Rampage  .   m - +0 pair of gloves
Will     +....                  (no boots)
Stlth    +++.......             K - amulet of guardian spirit
HPRegen  0.23/turn              o - ring of positive energy
MPRegen  0.18/turn              u - ring of protection from fire

@: mighty, repel missiles
A: permanent stasis, dig shafts and tunnels, four strong arms, antennae 3,
talons 1, thin skeletal structure 1, yellow scales 1
a: Dig, Shaft Self, Renounce Religion, Receive Corpses


You were on level 11 of the Dungeon.
You worshipped Kikubaaqudgha.
Kikubaaqudgha was most pleased with you.
You visited 2 branches of the dungeon, and saw 12 of its levels.
You also visited: Sewer.

You collected 487 gold pieces.
You spent 91 gold pieces at shops.

Inventory:

Hand Weapons
 a - the +5 short sword "Pypp" (weapon) {drain, rPois rF- Int+10}
   (You found it on level 4 of the Dungeon)

   A truly terrible weapon, it drains the life of those it strikes.
   It affects your intelligence (+10).
   It makes you vulnerable to fire.
   It protects you from poison.
 b - a +0 shortbow
 d - a +2 scimitar of flaming
Missiles
 f - 57 sling bullets
 g - 202 stones
 h - 103 bolts
 i - 34 poisoned darts
 q - 262 arrows
 y - 9 boomerangs
Armour
 k - the +10 Black Knight's barding {ponderous, rPois rN+}
   (You found it on level 5 of the Dungeon)

   It protects you from poison.
   It protects you from negative energy.
 m - a +0 pair of gloves (worn)
 D - a scarf of repulsion (worn)
 G - a +0 kite shield
 M - +0 acid dragon scales (worn)
Magical Staves
 s - an uncursed staff of cold
Jewellery
 o - a ring of positive energy (left hand)
 u - a ring of protection from fire (right hand)
 K - an amulet of guardian spirit (around neck)
Wands
 E - a wand of iceblast (8)
 F - a wand of flame (23)
Scrolls
 c - 4 scrolls of enchant weapon
 e - 2 scrolls of enchant armour
 n - a scroll of blinking {unknown}
 p - a scroll of fog {unknown}
 v - 5 scrolls of amnesia {unknown}
 z - 4 scrolls of identify
 B - 2 scrolls of noise {unknown}
 C - 4 scrolls of magic mapping
 I - a scroll of random uselessness {unknown}
Potions
 j - 4 potions of curing
 l - a potion of invisibility {unknown}
 r - 3 potions of cancellation {unknown}
 w - 3 potions of attraction {unknown}
 x - a potion of lignification {unknown}
 A - 4 potions of heal wounds {unknown}
 H - 2 potions of mutation
 J - a potion of magic {unknown}
 L - a potion of brilliance {unknown}


   Skills:
 - Level 5.7 Fighting
 - Level 5.7 Armour
 - Level 3.6 Dodging
 - Level 2.4 Stealth
 * Level 2.6 Shields
 - Level 7.3 Spellcasting
 - Level 6.0 Conjurations
 - Level 9.2 Necromancy
 - Level 9.0 Earth Magic


You had one spell level left.
You knew the following spells:

 Your Spells              Type           Power        Failure   Level
a - Searing Ray           Conj           86%          1%          2
b - Borgnjor's Vile Clut  Necr/Erth      28%          4%          5
c - Magic Dart            Conj           100%         1%          1
d - Vampiric Draining     Necr           29%          1%          3
e - Mephitic Cloud        Conj/Pois/Air  21%          10%         3
f - Conjure Flame         Conj/Fire      27%          7%          3
h - Dispel Undead         Necr           58%          1%          4
z - Sublimation of Blood  Necr           29%          1%          2

Your spell library contained the following spells:

 Spells                   Type           Power        Failure   Level
 Animate Skeleton         Necr           100%         1%          1
 Pain                     Necr           100%         1%          1
 Apportation              Tloc           20%          8%          1
 Corona                   Hex            11%          8%          1
 Summon Small Mammal      Summ           40%          8%          1
 Animate Dead             Necr           29%          1%          4
 Agony                    Necr           58%          4%          5
 Dazzling Flash           Conj/Hex       54%          7%          3
 Call Imp                 Summ           10%          12%         2
 Poisonous Vapours        Pois/Air       20%          12%         2
 Call Canine Familiar     Summ           10%          22%         3
 Summon Guardian Golem    Hex/Summ       10%          22%         3
 Fulminant Prism          Conj/Hex       13%          22%         4
 Iskenderun's Mystic Bla  Conj/Tloc      27%          22%         4
 Summon Ice Beast         Ice/Summ       10%          58%         4
 Summon Lightning Spire   Summ/Air       10%          58%         4
 Simulacrum               Ice/Necr       18%          87%         6
 Freezing Cloud           Conj/Ice/Air   10%          99%         6


Dungeon Overview and Level Annotations

Branches:
Dungeon (11/15)            Temple (1/1) D:5            Lair (0/6) D:9
  Sewer (visited)
    Orc: D:9-12

Altars:
Ashenzari
Cheibriados
Dithmenos
Elyvilon
Fedhas
Gozag
Hepliaklqana
Kikubaaqudgha
Makhleb
Nemelex Xobeh
Okawaru
Qazlal
Ru
Sif Muna
Trog
Uskayaw
Vehumet
Wu Jian
Xom
Yredelemnul
Zin
The Shining One

Shops:
D:4 ((}?   D:11 *

Annotations:
D:1 1 exclusion
D:2 Pikel
D:3 exclusions: frilled lizard, gnoll, goblin, hobgoblin, jackal, orc and 4 sensed monsters (detected), Natasha
D:4 1 exclusion
D:11 exclusion: manticore, Fannar


Innate Abilities, Weirdness & Mutations

You cannot be hasted, slowed, berserked, paralysed or teleported.
You can dig through walls and to a lower floor.
Your four strong arms can wield two-handed weapons with a shield.
You have a pair of large antennae on your head. (SInv)
You have sharp toenails.
You have a somewhat thin skeletal structure. (Dex +2, Stealth)
You are partially covered in yellow scales. (AC +2)


Message History

Fannar freezes you.
Casting: Vampiric Draining (safe; 1% risk of failure)
Confirm with . or Enter, or press ? or * to list all spells.
You don't have enough magic to cast that spell.
Unknown command.
Okay, then.
You extend your mandibles.
You dig through the rock wall.
You retract your mandibles.
Fannar casts a spell.
Fannar casts a spell.
Fannar drains the heat from the surrounding environment!
You feel very cold.
Fannar is frozen.
Fannar resists.
Fannar gestures wildly while chanting.
Fannar drains the heat from the surrounding environment!
You feel very cold.
You die...
Kikubaaqudgha rasps: "You have failed me!
Welcome... death!"

#.## { ##.## ##.##
#######)########
##...####.......#
##.....###....##.#### #.
##........#.##........ ##.##
##e..Y...<...#####.###.
#...###{#...@....#.#####.# #.
#...##Y###.....##........###.
#...###.##.....#..#######....
#####...####.#................##.
#......e....##........#†......##.
....................#.........###
#...........######..###.....".###
#####...##### #...............
#...# #.##.....)######


You could see Fannar (icy armour) and an ice beast (summoned).

Vanquished Creatures
  Erica (D:11)
  2 gargoyles
  Maggie (D:8)
  A troll (D:9)
  Prince Ribbit (D:7)
  6 yaks (D:10)
  A vampire (D:11)
  A human (D:3)
  2 wargs
  7 sky beasts
  A black bear (D:4)
  5 orc warriors
  4 ice beasts
  2 ogres
  3 phantoms
  4 centaurs
  4 lemures (D:4)
  3 big kobolds
  7 bullfrogs
  3 scorpions
  4 killer bees (D:10)
  A howler monkey (D:9)
  A bullfrog zombie (D:6)
  A quasit (D:10)
  A centaur skeleton (D:4)
  4 hounds
  Crazy Yiuf (D:7)
  14 orc wizards
  A gnoll shaman (D:5)
  3 orc priests
  2 jellies
  2 iguanas
  A human skeleton (D:3)
  8 worker ants
  A killer bee zombie (D:7)
  A hound zombie (D:7)
  2 hound skeletons
  2 worker ant zombies
  4 gnolls (D:6)
  14 adders
  A river rat (D:3)
  A shadow imp (D:8)
  A white imp (D:5)
  4 ufetubi
  2 adder zombies (D:6)
  3 adder skeletons
  A worm (D:1)
  4 dart slugs
  9 leopard geckos
  29 orcs
  5 ball pythons
  10 giant cockroaches
  6 hobgoblins
  9 jackals
  7 quokkas
  5 bats
  8 frilled lizards
  8 goblins
  A goblin zombie (D:3)
  23 kobolds
  A quokka zombie (D:5)
  9 rats
274 creatures vanquished.

Notes
Turn   | Place    | Note
-------+----------+-------------------------------------------
     0 | D:1      | DildoBatman the Formicid Conjurer began the quest for the
                  | Orb.
     0 | D:1      | Reached XP level 1. HP: 13/13 MP: 3/3
   145 | D:1      | Reached XP level 2. HP: 19/19 MP: 1/5
   148 | D:1      | Learned a level 2 spell: Searing Ray
   524 | D:2      | Reached XP level 3. HP: 24/24 MP: 2/6
   749 | D:2      | Found a glowing silver altar of Zin.
   763 | D:2      | Reached XP level 4. HP: 30/30 MP: 5/7
   765 | D:2      | Found a hazy altar of Hepliaklqana.
   768 | D:2      | Found a shimmering blue altar of Sif Muna.
   771 | D:2      | Found an opulent altar of Gozag.
   845 | D:2      | Found a snail-covered altar of Cheibriados.
   852 | D:2      | Reached skill level 5 in Conjurations
  1262 | D:3      | Noticed a centaur
  1474 | D:3      | Reached XP level 5. HP: 25/35 MP: 3/8
  1494 | D:3      | Found a glowing drain.
  1555 | D:3      | Gained mutation: You passively map a small area around you.
                  | [potion of mutation]
  1555 | D:3      | Gained mutation: You have large cloven feet. [potion of
                  | mutation]
  1556 | D:3      | Lost mutation: You have large cloven feet. [potion of
                  | mutation]
  1556 | D:3      | Lost mutation: You passively map a small area around you.
                  | [potion of mutation]
  1556 | D:3      | Gained mutation: You are weak. (Str -2) [potion of
                  | mutation]
  1556 | D:3      | Gained mutation: Your flesh is heat resistant. (rF+)
                  | [potion of mutation]
  1556 | D:3      | Gained mutation: You are partially covered in yellow
                  | scales. (AC +2) [potion of mutation]
  1557 | D:3      | Lost mutation: You are weak. (Str -2) [potion of mutation]
  1557 | D:3      | Lost mutation: Your flesh is heat resistant. (rF+) [potion
                  | of mutation]
  1557 | D:3      | Gained mutation: You have sharp toenails. [potion of
                  | mutation]
  1557 | D:3      | Gained mutation: You have a somewhat thin skeletal
                  | structure. (Dex +2, Stealth) [potion of mutation]
  1559 | Sewer    | Entered a sewer
  1963 | Sewer    | Reached skill level 1 in Armour
  2078 | Sewer    | Noticed a bullfrog
  2083 | Sewer    | Killed a bullfrog
  2084 | Sewer    | Reached skill level 1 in Fighting
  2084 | Sewer    | Reached XP level 6. HP: 43/43 MP: 3/10
  2434 | D:3      | Reached XP level 7. HP: 50/50 MP: 5/12
  2562 | D:3      | Found a runed translucent door.
  2562 | D:3      | Noticed a human
  2565 | D:3      | Found a basalt altar of Yredelemnul.
  2575 | D:3      | Killed a human
  2674 | D:3      | Reached skill level 5 in Spellcasting
  3116 | D:4      | Found Licefein's Gadget Shop.
  3318 | D:4      | Found Atausym's Antique Weapon Boutique.
  3321 | D:4      | Found Wiqiliss's Weapon Boutique.
  3487 | D:4      | Noticed Pikel
  3575 | D:4      | Noticed Natasha
  3902 | D:4      | Reached XP level 8. HP: 56/56 MP: 11/17
  3904 | D:4      | Found Veguph's Magic Scroll Shop.
  3912 | D:4      | Bought a scroll of magic mapping for 49 gold pieces
  3912 | D:4      | Bought a scroll of remove curse for 42 gold pieces
  3990 | D:4      | Got a faintly glowing short sword
  3991 | D:4      | Identified the +5 short sword "Pypp" {drain, rPois rF-
                  | Int+10} (You found it on level 4 of the Dungeon)
  4442 | D:5      | Entered Level 5 of the Dungeon
  4515 | D:5      | Found the +10 Black Knight's barding {ponderous, rPois rN+}
  4710 | D:5      | Found a staircase to the Ecumenical Temple.
  4741 | Temple   | Entered the Ecumenical Temple
  4895 | Temple   | Became a worshipper of Kikubaaqudgha
  5353 | D:5      | Reached XP level 9. HP: 59/65 MP: 14/19
  5437 | D:5      | Reached * piety under Kikubaaqudgha
  5437 | D:5      | Identified Kikubaaqudgha's Incunabulum of Necromancy
                  | (Kikubaaqudgha gifted it to you on level 5 of the Dungeon)
  5437 | D:5      | Received a gift from Kikubaaqudgha
  5454 | D:5      | Learned a level 2 spell: Sublimation of Blood
  5458 | D:5      | Learned a level 3 spell: Vampiric Draining
  5595 | D:6      | Reached skill level 5 in Fighting
  5595 | D:6      | Reached skill level 5 in Armour
  5595 | D:6      | Reached skill level 1 in Necromancy
  6065 | D:6      | Reached skill level 5 in Necromancy
  6079 | D:6      | Reached ** piety under Kikubaaqudgha
  6405 | D:7      | Noticed Prince Ribbit
  6414 | D:7      | Killed Prince Ribbit
  6497 | D:7      | Reached XP level 10. HP: 71/74 MP: 17/20
  6833 | D:7      | Found a runed translucent door.
  6834 | D:7      | Noticed Crazy Yiuf
  6950 | D:7      | Found a shimmering blue altar of Sif Muna.
  7117 | D:7      | Killed Crazy Yiuf
  7745 | D:8      | Found a shadowy altar of Dithmenos.
  7745 | D:8      | Found a sparkling altar of Nemelex Xobeh.
  7753 | D:8      | Found a faded altar of an unknown god.
  7755 | D:8      | Found a sacrificial altar of Ru.
  7757 | D:8      | Found a bloodstained altar of Trog.
  7800 | D:8      | Noticed Maggie
  7814 | D:8      | Killed Maggie
  8754 | D:9      | Reached *** piety under Kikubaaqudgha
  8754 | D:9      | Identified Kikubaaqudgha's Grimoire of Evil (Kikubaaqudgha
                  | gifted it to you on level 9 of the Dungeon)
  8754 | D:9      | Received a gift from Kikubaaqudgha
  8763 | D:9      | Learned a level 5 spell: Borgnjor's Vile Clutch
  8768 | D:9      | Learned a level 4 spell: Dispel Undead
  8809 | D:9      | Found a staircase to the Lair.
  8844 | D:9      | Reached skill level 1 in Earth Magic
  9037 | D:10     | Entered Level 10 of the Dungeon
  9211 | D:10     | Learned a level 3 spell: Conjure Flame
  9215 | D:10     | Learned a level 3 spell: Mephitic Cloud
  9247 | D:10     | Found a sparkling altar of Nemelex Xobeh.
  9489 | D:10     | Got a citrine-studded ring mail
  9500 | D:10     | Identified the cursed +1 ring mail of Forking Paths {rN+
                  | Int+2} (You found it on level 10 of the Dungeon)
  9613 | D:10     | Reached XP level 11. HP: 71/81 MP: 15/22
  9667 | D:10     | HP: 1/81 [gargoyle/stone arrow (17)]
  9675 | D:10     | Reached skill level 5 in Earth Magic
 10305 | D:11     | Noticed a manticore
 10422 | D:11     | Noticed Erica
 10430 | D:11     | Killed Erica
 10460 | D:11     | Reached skill level 1 in Shields
 10534 | D:11     | Noticed Fannar
 10591 | D:11     | Found Comuucal's Elemental Accessories.
 10737 | D:11     | Killed from afar by Fannar

Illustrated notes

Levels and vault maps discovered:
D:1:      dpeg_arrival_tiny_g, layout_rooms, hangedman_decor_clover_reticule,
          minmay_misc_feat_secret_circle
D:2:      layout_rooms, kennysheep_slug_shrine, grunt_temple_overflow_open
D:3:      layout_loops_ring, gup_sewer_entry_bowl, dk_yredelemnul_ordeal
D:4:      layout_loops_cross, serial_shops,
          nicolae_shop_temple_entry_statues_fountains, nicolae_shop_crystal,
          nicolae_shop_statue_plus, shop, uniq_pikel, uniq_natasha
D:5:      minmay_opposing_rooms, layout_rooms, minmay_temple_entry_wispy
D:6:      layout_basic
D:7:      layout_loops_ring, tgw_sif, uniq_prince_ribbit1,
          uniq_crazy_yiuf_cottage
D:8:      layout_loops_ring, chequers_temple_overflow_minitemple, uniq_maggie
D:9:      layout_irregular_city, erik_lair_orcish_takeover
D:10:     layout_stronghold, nemelex_diamond_rough_becter
D:11:     layout_loops_cross, nicolae_elemental_shop, uniq_erica, uniq_fannar
Temple:   dshaligram_water_room_temple

Skill      XL: |  1  2  3  4  5  6  7  8  9 10 11 |
---------------+----------------------------------+-----
Conjurations   | 4 5 6 |  6.0
Armour         | 1 2 4 5 |  5.7
Fighting       | 1 2 4 5 |  5.7
Spellcasting   | 3 6 7 |  7.3
Dodging        | 3 |  3.6
Necromancy     | 6 9 |  9.2
Earth Magic    | 3 9 |  9.0
Shields        | 2 |  2.6
Stealth        | |  2.4

Action                   |  1- 3 |  4- 6 |  7- 9 | 10-12 || total
-------------------------+-------+-------+-------+-------++-------
Melee: Club              |    12 |     5 |       |       ||    17
       Flail             |       |     8 |    15 |       ||    23
       Kick              |       |       |    13 |    21 ||    34
       Short sword       |       |       |    64 |    97 ||   161
 Fire: Shortbow          |       |       |     8 |     2 ||    10
 Cast: Magic Dart        |    30 |    34 |    24 |    22 ||   110
       Searing Ray       |     5 |    21 |    64 |    67 ||   157
       Sublimation of Bl |       |       |       |     9 ||     9
       Vampiric Draining |       |       |       |     4 ||     4
       Dispel Undead     |       |       |       |     2 ||     2
       Borgnjor's Vile C |       |       |       |     2 ||     2
       Mephitic Cloud    |       |       |       |     1 ||     1
 Abil: Dig               |       |     2 |    11 |    24 ||    37
  Use: Potion            |       |     3 |       |     8 ||    11
       Scroll            |       |     3 |     6 |     3 ||    12
 Stab: Sleeping          |     1 |     1 |     5 |       ||     7
Armor: Robe              |     1 |     8 |    24 |       ||    33
       Leather armour    |       |       |     4 |     6 ||    10
       Acid dragon scale |       |       |       |    58 ||    58
Dodge: Dodged            |    16 |    29 |   116 |   115 ||   276
       Repelled          |       |       |       |     1 ||     1
